Unix NetHack Version 5.0.0-0 post-release - last build Jun 10 2026 00:39:30 (3ee93aec679c4c4259841fe613dc97188e26a321,branch:main).

Game began 2026-06-17 08:12:27, ended 2026-06-17 08:17:14.

FutureTim, lawful female human Valkyrie

                                                        ------
                                                        .|.|.--
                                                        .(....|
                                                       .......|
                                                       .......----
                                             ----     ...........-----
                                             |..|  ---...............
                                            --G.---.|............|
                                           --.@........GG.......--
                                           |.............G.......|
                                           |..)......----   .......|
                                           ----...d..|            --
                                              --.....|
                                               |.....----- .-
                                   -------------.).........-
                                   -.......................|
                                     --  -----..........h..|
                                           ---..<.-.>.....--
                                         -...............0..
                                         -- --.-----..-------
                                             ---    ---
FutureTim the Stripling     St:18/01 Dx:12 Co:17 In:10 Wi:8 Ch:10  Lawful
Dlvl:3  $:31 HP:0(21) Pw:5(5) AC:6  Xp:2 T:636 

Latest messages:
 You begin to memorize the runes.
 You add the "haste self" spell to your repertoire, as 'b'.
 The door opens.
 You see here an iron wand.
 k - an iron wand.
 You swap places with your little dog.
 You swap places with your little dog.
 You swap places with your little dog.
 This door is locked.
 Unlock it with your lock pick? [ynq] (q) y
 You succeed in picking the lock.
 You swap places with your little dog.
 The door resists!
 You see here 9 gold pieces.
 $ - 9 gold pieces (31 in total).
 This door is locked.
 Unlock it with your lock pick? [ynq] (q) y
 You succeed in picking the lock.
 The door resists!
 The door opens.
 You kill the lichen!
 Welcome to experience level 2.
 You see here a lichen corpse.
 There is a lichen corpse here; eat it? [ynq] (n) y
 This lichen corpse tastes okay.
 You finish eating the lichen corpse.
 You stop.  Your little dog is in the way!
 You see here a club.
 You hear bubbling water.
 The door opens.
 You descend the stairs.
 The gnome wields a crossbow!
 The gnome hits!
 You miss the gnome.
 You kill the gnome!
 You stop.  Your little dog is in the way!
 The little dog misses the gnome.
 The little dog bites the gnome.
 The little dog bites the gnome.
 The gnome is killed!
 The gnome lord shoots an arrow!
 You are hit by an arrow!
 The gnome lord shoots 2 arrows!
 The 1st arrow misses you.
 You are hit by the 2nd arrow!
 The dwarf is almost hit by a dart!
 The gnome lord swings his bow.
 The gnome lord hits!
 You die...
 Do you want your possessions identified? [ynq] (y) q

Inventory:
 Coins    ('$')
  $ - 31 gold pieces
 Weapons  (')')
  b - a +0 dagger (alternate weapon; not wielded)
  a - a +1 spear (weapon in right hand)
  e - a +0 axe
 Armor    ('[')
  c - an uncursed +3 small shield (being worn)
 Comestibles  ('%')
  i - an uncursed slime mold
  d - 3 uncursed food rations
 Spellbooks  ('+')
  j - an uncursed spellbook of haste self
  f - an uncursed spellbook of healing
 Wands    ('/')
  k - a wand of create monster (0:15)
 Tools    ('(')
  h - a cursed lock pick

FutureTim the Valkyrie's attributes:

Background:
 You were a Stripling, a level 2 human Valkyrie.
 You were lawful, on a mission for Tyr
 who was opposed by Odin (neutral) and Loki (chaotic).
 You were right-handed.
 You were in the Gnomish Mines, on level 3.
 You entered the dungeon 636 turns ago.
 There was a new moon in effect when your adventure ended.
 You had 27 experience points, 13 more were needed to attain level 3.

Basics:
 You had 0 out of 21 hit points.
 You had all 5 energy points (spell power).
 Your armor class was 6.
 Your wallet contained 31 zorkmids.
 Autopickup was off.

Final Characteristics:
 Your strength was 18/01 (limit:18/100).
 Your dexterity was 12 (limit:18).
 Your constitution was 17 (limit:18).
 Your intelligence was 10 (limit:18).
 Your wisdom was 8 (limit:18).
 Your charisma was 10 (limit:18).

Final Status:
 You weren't hungry.
 You were unencumbered.
 You were wielding a spear.
 You had basic skill with spear.

Final Attributes:
 You were fervently aligned.
 You were cold resistant.
 You would have confused monsters when hitting them.
 You are dead.

Miscellaneous:
 You didn't encounter any bones levels.
 Total elapsed playing time was 4 minutes and 46 seconds.

Major events:
 Turn
    1: FutureTim the lawful human Valkyrie entered the dungeon
  621: entered the Gnomish Mines
  636: killed by a gnome lord

Spells:
 Name                 Level Category     Fail Retention
 healing                1   healing       61%  76%-100%
 haste self             3   escape       100%  76%-100%

Skills:
 Fighting Skills
   bare handed combat [Unskilled]
   two weapon combat  [Unskilled]
   riding             [Unskilled]
 Weapon Skills
   dagger             [Basic]
   axe                [Unskilled]
   pick-axe           [Unskilled]
   short sword        [Unskilled]
   broadsword         [Unskilled]
   long sword         [Unskilled]
   two-handed sword   [Unskilled]
   saber              [Unskilled]
   hammer             [Unskilled]
   quarterstaff       [Unskilled]
   polearms           [Unskilled]
   spear              [Basic]
   trident            [Unskilled]
   lance              [Unskilled]
   sling              [Unskilled]
 Spellcasting Skills
   attack spells      [Unskilled]
   escape spells      [Unskilled]

Voluntary challenges:
 Character rerolling was not enabled.
 You were an atheist.
 You never genocided any monsters.
 You never polymorphed an object.
 You never changed form.
 You used no wishes.
Achievement:
 You entered the Gnomish Mines.

 The Dungeons of Doom: levels 1 to 2
    Level 1:
    Level 2:
       Some fountains.
       Stairs down to The Gnomish Mines.
 The Gnomish Mines:
    Level 3: <- You were here.
       Final resting place for
          you, killed by a gnome lord.


Vanquished creatures:
  2 gnomes
  2 jackals
  a kobold
  a goblin
  2 grid bugs
  a lichen
9 creatures vanquished.

No species were genocided or became extinct.

Game over:
                       ----------
                      /          \
                     /    REST    \
                    /      IN      \
                   /     PEACE      \
                  /                  \
                  |    FutureTim     |
                  |      31 Au       |
                  |   killed by a    |
                  |    gnome lord    |
                  |                  |
                  |                  |
                  |       2026       |
                 *|     *  *  *      | *
        _________)/\\_//(\/(/\)/\//\/|_)_______

Farvel FutureTim the Valkyrie...

You died in The Gnomish Mines on dungeon level 3 with 236 points,
and 31 pieces of gold, after 636 moves.
You were level 2 with a maximum of 21 hit points when you died.

